 Dungeon Crawl Stone Soup version 0.29.1-2-gbd0b4ee654 (webtiles) character file.

Game seed: 12106819645120154630

2381 MisterFreud the Cruncher (level 9, -3/73 HPs)
             Began as a Formicid Gladiator on Nov 1, 2022.
             Was a Follower of Yredelemnul.
             Slain by an orc warrior
             ... wielding a +0 war axe
              (8 damage)
             ... in a bailey.
             The game lasted 00:06:33 (7333 turns).

MisterFreud the Cruncher (Formicid Gladiator)       Turns: 7333, Time: 00:06:35

Health: -3/73      AC: 11    Str: 20    XL:     9   Next: 73%
Magic:  12/12      EV: 12    Int:  9    God:    Yredelemnul [*.....]
Gold:   401        SH:  0    Dex: 17    Spells: 8/8 levels left

rFire   + . .      SeeInvis +   u - +1 quarterstaff (drain)
rCold   . . .      Faith    .   (no shield)
rNeg    . . .      Spirit   .   b - +0 leather armour
rPois   .          Reflect  .   (helmet unavailable)
rElec   .          Harm     .   k - +1 cloak
rCorr   .          Rampage  .   o - +0 pair of gloves
Will    .....                   (no boots)
Stlth   +.........              (no amulet)
HPRegen 0.22/turn               h - +4 ring of protection
MPRegen 0.13/turn               v - ring of protection from fire

@: no status effects
A: permanent stasis, dig shafts and tunnels, antennae 3, four strong arms
a: Dig, Renounce Religion, Recall Undead Harvest


You were in a bailey.
You worshipped Yredelemnul.
Yredelemnul was noncommittal.
You visited 1 branch of the dungeon, and saw 7 of its levels.
You also visited: Bailey.

You collected 401 gold pieces.

Inventory:

Hand Weapons
 a - a +0 quarterstaff
 u - a +1 quarterstaff of draining (weapon)
Missiles
 c - 3 throwing nets (quivered)
 d - 6 javelins
 q - 15 poisoned darts
 x - 18 boomerangs
 y - 3 curare-tipped darts
Armour
 b - a +0 leather armour (worn)
 k - a +1 cloak (worn)
 o - a +0 pair of gloves (worn)
Jewellery
 h - a +4 ring of protection (left hand)
 v - a ring of protection from fire (right hand)
Wands
 i - a wand of paralysis (9)
 s - a wand of polymorph (7)
Scrolls
 p - a scroll of butterflies
 r - a scroll of magic mapping
Potions
 e - 2 potions of mutation
 f - 3 potions of curing
 g - a potion of attraction
 j - a potion of flight
 l - a potion of might
 m - 2 potions of resistance
 n - 2 potions of invisibility {unknown}
 t - a potion of ambrosia {unknown}
 w - a potion of haste {unknown}


   Skills:
 + Level 7.7 Fighting
 - Level 10.0 Staves
 - Level 5.0 Throwing
 - Level 6.0 Armour
 - Level 2.6 Dodging
 + Level 5.1 Invocations


You had 8 spell levels left.
You didn't know any spells.
Your spell library contained the following spells:

 Spells                   Type           Power      Damage    Failure   Level
 Ensorcelled Hibernation  Hex/Ice        0%         N/A       56%         2
 Passwall                 Tmut/Erth      0%         N/A       56%         2
 Swiftness                Air            Unusable   N/A       N/A         3

Dungeon Overview and Level Annotations

Branches:
Dungeon (7/15)             Temple (0/1) D:4          Bailey (1/1)

Altars:
Ashenzari
Okawaru
Yredelemnul
Zin
The Shining One

Shops:
D:3 =

Annotations:
D:3 1 runed translucent door


Innate Abilities, Weirdness & Mutations

You cannot be hasted, slowed, berserked, paralysed or teleported.
You can dig through walls and to a lower floor.
You have a pair of large antennae on your head. (SInv)
Your four strong arms can wield two-handed weapons with a shield.


Message History

Moving in this stuff is going to be slow.
You open the gate.
An orc warrior comes into view. It is wielding a +0 battleaxe.
The orc warrior shouts!
An orc warrior comes into view. It is wielding a +0 war axe.
Found 290 gold pieces and 4 datura-tipped darts.
Found a gate leading back out of this place.
There are monsters nearby!
There are monsters nearby!
Found 376 gold pieces.
Found a gate leading back out of this place.
The orc warrior shouts!
There is an open gate here.
The orc warrior hits you with a +0 battleaxe!
You hit the orc warrior.
The orc warrior is lightly wounded.
The orc warrior barely misses you. The orc warrior completely misses you.
You hit the orc warrior but do no damage.
You drain the orc warrior.
The orc warrior is lightly wounded.
The orc warrior closely misses you.
The orc warrior hits you with a +0 battleaxe!
You hit the orc warrior.
The orc warrior is moderately wounded.
The orc warrior barely misses you.
The orc warrior hits you with a +0 war axe!
You sock the orc warrior! You drain the orc warrior.
The orc warrior is almost dead.
You closely miss the orc warrior.
The orc warrior is almost dead.
The orc warrior hits you with a +0 battleaxe!
The orc warrior hits you with a +0 war axe!!
* * * LOW HITPOINT WARNING * * *
You closely miss the orc warrior.
The orc warrior is almost dead.
The orc warrior hits you with a +0 battleaxe.
* * * LOW HITPOINT WARNING * * *
The orc warrior hits you with a +0 war axe!
You die...
Your body rises from the dead as a mindless zombie.

...~~.......~~....#
###~~.......~~###Z#
..~~.......~~....#
###~~.......~~###.#
.~~.......~{....#
##~~.....Z.ZZ#####
#~.....Z.~##
####'''#### #..Z@.#
#∩$.oo$∩# #...8...#
##..(..## ###+###


You could see 2 orc warriors, a friendly kobold zombie and 2 friendly kobold
brigand zombies.

Vanquished Creatures
  A water moccasin (D:5)
  2 black bears
  An orc warrior (D:6)
  2 ogres
  A sky beast (D:7)
  2 ice beasts
  2 kobold brigands (Bailey)
  A bullfrog (D:6)
  A gnoll sergeant (D:5)
  A scorpion (D:5)
  5 wights
  The ghost of Garym the Trooper, a weakling MiBe of Trog (D:3)
  An electric eel (D:6)
  2 hounds (D:6)
  3 orc priests
  A gnoll bouda (D:5)
  4 iguanas
  10 orc wizards
  6 adders
  6 gnolls (D:5)
  2 river rats (D:3)
  A shadow imp (D:7)
  A white imp (D:6)
  2 worms (D:2)
  13 orcs
  7 endoplasms
  A giant cockroach (D:4)
  18 goblins
  6 hobgoblins
  8 jackals
  2 quokkas
  7 ball pythons
  8 bats
  2 frilled lizards
  17 kobolds
  3 rats
151 creatures vanquished.

Vanquished Creatures (collateral kills)
  A kobold brigand (Bailey)
  5 kobolds (Bailey)
6 creatures vanquished.

Vanquished Creatures (others)
  An iguana zombie (D:6)
  5 kobold zombies (Bailey)
  An orc zombie (D:7)
  4 plants (D:1)
11 creatures vanquished.

Grand Total: 168 creatures vanquished

Notes
Turn   | Place    | Note
-------+----------+-------------------------------------------
     0 | D:1      | MisterFreud the Formicid Gladiator began the quest for the
                  | Orb.
     0 | D:1      | Reached XP level 1. HP: 16/16 MP: 1/1
   241 | D:1      | Reached XP level 2. HP: 18/22 MP: 2/2
   481 | D:1      | Reached skill level 4 in Staves
   481 | D:1      | Reached XP level 3. HP: 13/27 MP: 3/3
   964 | D:1      | Reached skill level 5 in Fighting
   964 | D:1      | Reached skill level 7 in Staves
   964 | D:1      | Reached skill level 5 in Throwing
   964 | D:1      | Reached XP level 4. HP: 39/39 MP: 4/4
  1254 | D:2      | Reached skill level 5 in Armour
  2073 | D:3      | Found Mutoiv's Jewellery Shoppe.
  2187 | D:3      | Reached XP level 5. HP: 23/41 MP: 5/5
  2198 | D:3      | Reached skill level 8 in Staves
  2341 | D:3      | Found a runed translucent door.
  2346 | D:3      | Noticed Garym's ghost (weakling MiBe)
  2437 | D:3      | Noticed an ogre
  2448 | D:3      | Killed an ogre
  2449 | D:3      | Reached XP level 6. HP: 47/52 MP: 6/6
  2482 | D:3      | Found an iron altar of Okawaru.
  2596 | D:3      | Found a runed translucent door.
  2643 | D:3      | Killed Garym's ghost
  3186 | D:4      | Found a staircase to the Ecumenical Temple.
  3346 | D:4      | Reached XP level 7. HP: 49/58 MP: 7/7
  3737 | D:5      | Entered Level 5 of the Dungeon
  4173 | D:5      | Found a glowing golden altar of the Shining One.
  4692 | D:5      | Noticed a water moccasin
  4705 | D:5      | Killed a water moccasin
  4706 | D:5      | Reached skill level 9 in Staves
  4706 | D:5      | Reached XP level 8. HP: 25/64 MP: 8/8
  5294 | D:6      | Found a glowing silver altar of Zin.
  5299 | D:6      | Found a basalt altar of Yredelemnul.
  5310 | D:6      | Became a worshipper of Yredelemnul the Dark
  5793 | D:6      | Found a broken altar of Ashenzari.
  5819 | D:6      | Reached skill level 10 in Staves
  5841 | D:6      | Reached skill level 1 in Invocations
  6287 | D:6      | Reached * piety under Yredelemnul
  6288 | D:6      | Reached XP level 9. HP: 59/65 MP: 10/10
  6603 | D:6      | Reached ** piety under Yredelemnul
  7205 | D:7      | Found a flagged portal.
  7220 | Bailey   | Entered a bailey
  7252 | Bailey   | Reached skill level 5 in Invocations
  7333 | Bailey   | Slain by an orc warrior

Illustrated notes

Levels and vault maps discovered:
D:1:      tarquinn_simple_flora_water_b, layout_rooms
D:2:      layout_basic, minivault_25, corner_web_ring, serial_bayou_ford_a,
          minmay_tetromino_o4
D:3:      layout_rooms, mainiacjoe_overflow_boulevard, ebering_ghost_sewer_f,
          serial_shops, shop, grunt_ministairs_14
D:4:      kennysheep_the_goblin_king, layout_gridville,
          minmay_temple_entry_slanted
D:5:      layout_loops_ring, mainiacjoe_overflow_tiny_flanked
D:6:      layout_basic, old_standard_altar, mainiacjoe_overflow_catch_the_wave
D:7:      layout_loops_ring, mainiacjoe_overflow_alcove_2, enter_bailey_3,
          uniq_crazy_yiuf_cottage
Bailey:   bailey_axe_3, bailey

Skill      XL: |  1  2  3  4  5  6  7  8  9 |
---------------+----------------------------+-----
Staves         | 4 7 8 9 10 | 10.0
Fighting       | 5 6 7 |  7.7
Throwing       | 5 |  5.0
Armour         | 4 5 6 |  6.0
Invocations    | 1 5 |  5.1
Dodging        | |  2.6

Action                   |  1- 3 |  4- 6 |  7- 9 || total
-------------------------+-------+-------+-------++-------
Melee: Quarterstaff      |    54 |   168 |   290 ||   512
       Punch             |     1 |     1 |     2 ||     4
Throw: Dart              |       |     2 |       ||     2
  Use: Scroll            |     5 |     6 |     6 ||    17
       Potion            |     1 |       |       ||     1
 Stab: Sleeping          |     1 |     1 |       ||     2
       Distracted        |       |     1 |       ||     1
Armor: Leather armour    |    19 |    53 |   115 ||   187
Dodge: Dodged            |    43 |   108 |   192 ||   343
